 Dungeon Crawl Stone Soup version 0.14-a0-1254-g249fea6 (webtiles) character file.

437 Jenx the Ruinous (level 5, -2/46 HPs)
             Began as a Djinni Wizard on Dec 2, 2013.
             Slain by a giant frog (7 damage)
             ... on Level 4 of the Dungeon.
             The game lasted 00:12:01 (3642 turns).

Jenx the Ruinous (Djinni Wizard)                    Turns: 3642, Time: 00:12:01

HP  -2/46        AC  3     Str  7      XL: 5   Next: 69%
MP   0/0         EV 12     Int 19      God:
Gold 211         SH  0     Dex 12      Spells:  6 memorised,  1 level left

rFire  + + +     SeeInvis +     a - +0,+2 dwarf hand axe (flame)
rCold  x . .     Clarity  .     p - +0 orc robe
rNeg   + + +     Conserve .     (no shield)
rPois  .         rCorr    .     b - +1 wizard hat
rElec  .         rRot     .     (no cloak)
SustAb . .       Spirit   .     (no gloves)
rMut   .         Warding  .     (boots unavailable)
Saprov . . .     Stasis   .     (no amulet)
                                (no ring)
                                j - ring of see invisible

@: flying, slightly resistant to hostile enchantments, fairly stealthy
A: fire immunity, cold vulnerability, life protection 3
a: no special abilities


You were on level 4 of the Dungeon.
You were not hungry.

You visited 1 branch of the dungeon, and saw 4 of its levels.

You collected 211 gold pieces.

Inventory:

Hand weapons
 a - a +0,+2 dwarven hand axe of flaming (weapon)
 e - a +3,+2 elven dagger
Missiles
 s - 4 tomahawks of returning (quivered)
Armour
 b - a +1 wizard hat (worn)
 p - a +0 orcish robe (worn)
Scrolls
 g - 2 scrolls of teleportation
 k - a scroll of blinking {unknown}
 l - a scroll of remove curse {unknown}
 n - 2 scrolls of identify
 o - a scroll of fear
 q - a scroll of curse weapon {unknown}
 r - a scroll of curse jewellery {unknown}
 t - a scroll of recharging {unknown}
Jewellery
 j - a ring of see invisible (left hand)
Potions
 d - a potion of heal wounds {unknown}
 f - a potion of berserk rage {unknown}
 h - a potion of agility {unknown}
 i - a potion of curing {unknown}
 m - a potion of restore abilities {unknown}
Books
 c - a book of Minor Magic

   Spells                             Type                      Level
   *Magic Dart                        Conjuration                  1
   *Blink                             Translocation                2
   *Call Imp                          Summoning                    2
   *Repel Missiles                    Charms/Air                   2
   Slow                               Hexes                        2
   *Conjure Flame                     Conjuration/Fire             3
   *Mephitic Cloud                    Conjuration/Poison/Air       3


   Skills:
 - Level 1.7 Dodging
 - Level 1.5 Stealth
 - Level 5.0 Spellcasting
 + Level 5.2 Conjurations
 - Level 1.0 Summonings
 - Level 1.0 Translocations


You had one spell level left.
You knew the following spells:

 Your Spells              Type           Power        Failure   Level  Hunger
a - Magic Dart            Conj           ###.         1%          1    None
b - Call Imp              Summ           #.........   14%         2    None
c - Mephitic Cloud        Conj/Pois/Air  ##......     17%         3    ###....
d - Conjure Flame         Conj/Fire      ##......     14%         3    ###....
e - Blink                 Tloc           N/A          14%         2    None
f - Repel Missiles        Chrm/Air       #.........   21%         2    None


Dungeon Overview and Level Annotations

Branches:
Dungeon (4/16)
 Temple: D:4-7

Altars:


Innate Abilities, Weirdness & Mutations

You are immune to all types of fire, even holy and hellish.
You are vulnerable to cold.
You need no food.
You have no legs.
You are immune to negative energy.


Message History

The giant frog is severely wounded.
The bat completely misses you. The giant frog closely misses you.
You barely miss the giant frog.
The giant frog is severely wounded.
You hear the rapid hiss of a distant avalanche of sand.
The bat misses you. The giant frog barely misses you.
The bat closely misses you. The giant frog hits you.
You hit the giant frog. You burn the giant frog.
The giant frog is almost dead.
The bat barely misses you. The giant frog misses you. The giant frog hits you.
* * * LOW HITPOINT WARNING * * *
You hit the giant frog but do no damage.
The giant frog is almost dead.
The bat closely misses you. The giant frog barely misses you.
The giant frog hits you.
* * * LOW HITPOINT WARNING * * *
You closely miss the giant frog.
The giant frog is almost dead.
The giant frog closely misses you. The giant frog hits you!
You die...

..#########
#......F@(#
#########.#####
#.........#
#.###.###.# #.#
#.# #.#########
#...≈≈8≈≈.#
#.#..≈≈≈..#
#.##......#


You could see a giant frog.

Vanquished Creatures
  An orc wizard (D:3)
  Ijyb (D:2)
  4 gnolls (D:3)
  5 adders
  A giant mite (D:2)
  A worm (D:2)
  An adder skeleton (D:3)
  3 giant geckos
  An ooze (D:1)
  9 orcs (D:3)
  4 bats
  A bat skeleton (D:3)
  2 giant cockroaches (D:2)
  7 goblins
  14 hobgoblins
  4 jackals (D:2)
  7 kobolds
  8 giant newts
  A kobold skeleton (D:3)
  10 rats
85 creatures vanquished.

Notes
Turn   | Place    | Note
--------------------------------------------------------------
     0 | D:1      | Jenx, the Djinni Wizard, began the quest for the Orb.
     0 | D:1      | Reached XP level 1. HP: 15/15 MP: 0/0
    70 | D:1      | Reached skill level 4 in Spellcasting
   237 | D:1      | Reached XP level 2. EP: 15/24
   283 | D:1      | Learned a level 2 spell: Call Imp
   904 | D:2      | Reached skill level 5 in Spellcasting
   904 | D:2      | Reached XP level 3. EP: 16/32
  1235 | D:2      | Noticed Ijyb
  1251 | D:2      | Killed Ijyb
  1584 | D:2      | Reached XP level 4. EP: 38/40
  1593 | D:2      | Learned a level 3 spell: Mephitic Cloud
  1597 | D:2      | Learned a level 3 spell: Conjure Flame
  1600 | D:2      | Learned a level 2 spell: Blink
  1603 | D:2      | Learned a level 2 spell: Repel Missiles
  2589 | D:3      | Reached XP level 5. EP: 25/46
  3169 | D:3      | Reached skill level 5 in Conjurations
  3642 | D:4      | Slain by a giant frog

Action                   |  1- 3 |  4- 6 || total
-------------------------+-------+-------++-------
Melee: Hand axe          |   129 |   194 ||   323
 Cast: Magic Dart        |     1 |     1 ||     2
       Mephitic Cloud    |       |     3 ||     3
  Use: Scroll            |     3 |     4 ||     7
 Stab: Sleeping          |       |     5 ||     5
       Confused          |       |     1 ||     1
